 Dungeon Sprint DCSS version 0.19-a0-1882-gbb73ea0 (webtiles) character file.

478308 Loading the Tengu Porcupine (level 19, 160/160 HPs)
             Began as a Tengu Monk on Oct 14, 2016.
             Was the Champion of Qazlal.
             Escaped with the Orb!
             The game lasted 00:42:10 (3742 turns).

Loading the Tengu Porcupine (Tengu Monk)            Turns: 3742, Time: 00:42:11

Health: 160/160    AC: 49    Str: 12    XL:     19   Next: 68%
Magic:  31/37      EV: 10    Int: 12    God:    Qazlal [******]
Gold:   0          SH: 44    Dex: 23    Spells: 0 memorised, 18 levels left

rFire  + + .     SeeInvis .     a - +18 lance "Wyrmbane" {slay drac, rPois rF+ rC+ AC+3}
rCold  + + .     Gourm    .     J - +5 gold dragon scales
rNeg   + . .     Faith    .     K - +18 shield of the Gong {rElec rN+ MR+ EV-5}
rPois  +         Spirit   .     (helmet restricted)
rElec  +         Dismiss  .     U - +1 cloak {MR+}
rCorr  .         Reflect  .     N - +1 pair of gloves {archery}
MR     +++..     Harm     .     (boots unavailable)
Stlth  .......... NoTele   +    b - amulet of Vitality {Regen+ HP+15}
                                M - ring of Robustness {AC+8}
                                m - +4 ring of slaying

@: flying quickly and evasively, studying 2 skills, repel missiles, quick
A: beak, talons 3, able to fly 2
a: Stop Flying, Upheaval, Elemental Force, Disaster Area, Renounce Religion
0: Orb of Zot


You escaped.
You worshipped Qazlal.
Qazlal was exalted by your worship.
You were not hungry.

You visited 1 branch

Inventory:

Hand Weapons
 a - the +18 lance "Wyrmbane" (weapon) {slay drac, rPois rF+ rC+ AC+3}
   (You found it in the Dungeon)

   It affects your AC (+3).
   It protects you from fire.
   It protects you from cold.
   It protects you from poison.
 i - the +6 demon trident of Truncation {venom, rElec rPois MR+ Dex+2}
   (You acquired it in the Dungeon)

   It poisons the flesh of those it strikes.
   It affects your dexterity (+2).
   It insulates you from electricity.
   It protects you from poison.
   It affects your resistance to hostile enchantments.
 I - a +9 lajatang of freezing
 L - the +8 trident of the Octopus King {venom, rElec rPois MR+}
   (You found it in the Dungeon)

   It poisons the flesh of those it strikes.
   It insulates you from electricity.
   It protects you from poison.
   It affects your resistance to hostile enchantments.
 P - the +7 sceptre of Torment
   (You found it in the Dungeon)
 R - the +3 Elemental Staff {rElec rF++ rC++ MR++ AC+5}
   (You found it in the Dungeon)

   It affects your AC (+5).
   It greatly protects you from fire.
   It greatly protects you from cold.
   It insulates you from electricity.
   It affects your resistance to hostile enchantments.
 W - the +10 demon trident of Mandamus {vamp, +Fly}
   (You found it in the Dungeon)

   It inflicts no extra harm, but heals its wielder when it wounds a living foe.
   It lets you fly.
Armour
 J - +5 gold dragon scales (worn)
 K - the +18 shield of the Gong (worn) {rElec rN+ MR+ EV-5}
   (You found it in the Dungeon)

   It affects your evasion (-5).
   It insulates you from electricity.
   It protects you from negative energy.
   It affects your resistance to hostile enchantments.
 N - a +1 pair of gloves of archery (worn)
 U - a +1 cloak of magic resistance (worn)
Jewellery
 b - the amulet of Vitality (around neck) {Regen+ HP+15}
   (You found it in the Dungeon)

   [amulet of regeneration]

   It affects your health (+15).
   It increases your rate of regeneration.
 k - a +3 ring of intelligence
 m - a +4 ring of slaying (left hand)
 y - the ring "Qoukkiocw" {rCorr *Corrode rC+ Dex+4 Stlth+}
   (You took it off a deep elf blademaster in the Dungeon)

   [ring of resist corrosion]

   It affects your dexterity (+4).
   It protects you from cold.
   It may corrode you when you take damage.
   It makes you more stealthy.
 z - an uncursed ring of positive energy
 A - the ring "Fefos" {rPois rF- EV+4 Slay+3 Stlth+}
   (You found it in the Dungeon)

   [ring of evasion]

   It affects your evasion (+4).
   It affects your accuracy and damage with ranged weapons and melee attacks
   (+3).
   It makes you vulnerable to fire.
   It protects you from poison.
   It makes you more stealthy.
 D - a +6 ring of intelligence
 G - an uncursed ring of wizardry
 M - the ring of Robustness (right hand) {AC+8}
   (You found it in the Dungeon)

   [ring of protection]

   It affects your AC (+8).
 S - a +3 ring of slaying
 V - a ring of the Octopus King {rN+ AC+1 EV+1 Str+1 Int+1 Dex+1}
   (You took it off a mummy priest in the Dungeon)

   [ring of positive energy]

   It affects your AC (+1).
   It affects your evasion (+1).
   It affects your strength (+1).
   It affects your intelligence (+1).
   It affects your dexterity (+1).
   It protects you from negative energy.
Wands
 F - a wand of heal wounds (5/9)
Scrolls
 p - 4 scrolls of amnesia
 q - 3 scrolls of recharging
 r - 9 scrolls of fog
 s - 2 scrolls of holy word
 t - 3 scrolls of identify
 u - 5 scrolls of remove curse
 v - a scroll of fear
 E - 4 scrolls of enchant weapon
 T - 6 scrolls of brand weapon
Potions
 d - 8 potions of curing
 e - 2 potions of heal wounds
 f - 7 potions of haste
 g - 4 potions of magic
 h - 3 potions of berserk rage
 j - 2 potions of brilliance
 l - 3 potions of resistance
 n - 3 potions of agility
 o - a potion of might
Books
 B - a manual of Summonings
 O - a manual of Short Blades
Comestibles
 c - 5 bread rations
 w - 28 fruits
 x - 3 meat rations
 C - 3 royal jellies


   Skills:
 + Level 24.7 Fighting
 O Level 27 Polearms
 O Level 27 Armour
 + Level 26.4 Dodging
 - Level 2.0 Stealth
 + Level 24.5 Shields
 O Level 27 Invocations


You had 18 spell levels left.
You didn't know any spells.

Dungeon Overview and Level Annotations

Branches:
Dungeon (1/1)

Altars:
Ashenzari
Cheibriados
Dithmenos
Elyvilon
Fedhas
Gozag
Hepliaklqana
Kikubaaqudgha
Makhleb
Nemelex Xobeh
Okawaru
Qazlal
Ru
Sif Muna
Trog
Uskayaw
Vehumet
Xom
Yredelemnul
Zin
The Shining One
Beogh
Jiyva
Lugonu


Innate Abilities, Weirdness & Mutations

You have a beak for a mouth.
You have claws for feet.
You can fly continuously.


Message History

As you read the scroll of acquirement, it crumbles to dust.
This is a scroll of acquirement! [a] Weapon [b] Armour [c] Jewellery [d] Book [e] Staff [f] Wand [g] Misc.
Evocable [h] Food [i] Gold What kind of item would you like to acquire? (\ to view known items)
Something appears before you!
You see here a fan of gales.
You see here a twisted demon trident.
i - a twisted demon trident
As you read the scroll of identify, it crumbles to dust.
i - the +6 demon trident of Truncation {venom, rElec rPois MR+ Dex+2} An exit appears before you!
Your surroundings seem different!
Found the Orb of Zot.
Found a staircase leading out of the dungeon.
You see here the Orb of Zot.
You pick up the Orb of Zot!
The Orb lets out a hideous shriek!
The lords of Pandemonium are not amused.
Beware!
Now all you have to do is get back out of the dungeon!
There is a staircase leading out of the dungeon here.
You have escaped!

............▓..▓..)....▓..▓...8©8
...\........▓.▓▓▓.....▓▓▓.▓..)|.\
............▓..▓...)...▓..▓..)}..
............▓.............▓......
............▓.............▓......
............▓▓▓▓▓▓▓▓▓▓▓▓▓▓▓......
▓.......▓...▓8888888888888▓......
▓▓.....▓▓▓..▓8...........8▓..▓...
▓.......▓...▓8.§@.§§.....8▓.▓....
............▓8.§§........8▓......
............▓8888888888888▓▓▓▓▓▓▓
▓▓▓▓▓▓▓▓▓▓▓▓▓▓▓▓▓▓▓▓▓▓▓▓▓▓▓▓▓▓▓▓▓
.....8©8........▓........8©8.....
:).\)}|))}[).:|.▓.:).:::.)(..(}||
}})[|[[=|))}[:".▓.[.[.}=...=.}(.[
}[)=|}=):|)[/[}.▓.).....}.....(..
................▓..()..).).......


There were no monsters in sight!

Vanquished Creatures
  A juggernaut (shapeshifter) (D)
  A greater mummy (D)
  4 golden dragons (D)
  A pearl dragon (D)
  2 Ice Fiends (D)
  A titan (shapeshifter) (D)
  A lich (D)
  An acid blob (shapeshifter) (D)
  12 deep elf master archers (D)
  A quicksilver dragon (shapeshifter) (D)
  9 deep elf blademasters (D)
  5 quicksilver dragons (D)
  A tentacled starspawn (D)
  A thorn hunter (D)
  3 shadow dragons (D)
  A shadow dragon (shapeshifter) (D)
  3 frost giants (D)
  A frost giant (shapeshifter) (D)
  3 iron dragons (D)
  4 deep elf sorcerers (D)
  5 ghost moths (D)
  A deep elf elementalist (D)
  An angel (D)
  An ironheart preserver (D)
  A reaper (D)
  6 stone giants (D)
  A vampire knight (D)
  3 apis (D)
  A stone giant (shapeshifter) (D)
  A deep elf annihilator (D)
  5 dire elephants (D)
  4 mummy priests (D)
  A spark wasp (D)
  4 blizzard demons (D)
  6 merfolk javelineers (D)
  4 deep elf high priests (D)
  5 yaktaur captains (D)
  2 fire dragons (D)
  8 ice dragons (D)
  3 vault guards (D)
  12 hydras (D)
  2 catoblepae (D)
  13 centaur warriors (D)
  4 spriggan air magi (D)
  An anaconda (D)
  3 death yaks (D)
  A satyr (D)
  An orc high priest (D)
  6 dancing weapons (D)
  3 spriggan berserkers (D)
  3 deep elf knights (D)
  A spriggan (D)
  A glowing orange brain (shapeshifter) (D)
  2 skeletal warriors (D)
  A sea snake (shapeshifter) (D)
  A flayed ghost (D)
  A deep troll (shapeshifter) (D)
  A swamp dragon (shapeshifter) (D)
  A cherub (D)
  2 spriggan druids (D)
  2 deep elf archers (D)
  4 swamp dragons (D)
  A lindwurm (D)
  3 hill giants (shapeshifter) (D)
  An orb spider (shapeshifter) (D)
  4 death drakes (D)
  4 shambling mangroves (D)
  5 necromancers (D)
  13 cyclopes (D)
  2 orc sorcerers (D)
  4 orb spiders (D)
  A wolf spider (shapeshifter) (D)
  11 deep elf magi (D)
  11 wolf spiders (D)
  An oklob plant (D)
  3 moths of wrath (D)
  A cyclops (shapeshifter) (D)
  3 elephants (D)
  An elephant (shapeshifter) (D)
  2 black mambas (D)
  A rust devil (D)
  2 torpor snails (D)
  A hellion (D)
  5 freezing wraiths (D)
  5 komodo dragons (D)
  3 efreet (D)
  2 spiny frogs (D)
  10 yaktaurs (D)
  6 demonic crawlers (D)
  6 rime drakes (D)
  A tormentor (D)
  5 ice devils (D)
  2 red devils (D)
  9 guardian mummies (D)
  A merfolk (shapeshifter) (D)
  4 wind drakes (D)
  A meliai (shapeshifter) (D)
  8 jumping spiders (D)
  15 hornets (D)
  A polar bear (shapeshifter) (D)
  6 polar bears (D)
  2 blink frogs (D)
  A dream sheep (D)
  A raiju (shapeshifter) (D)
  A dream sheep (shapeshifter) (D)
  5 hippogriffs (D)
  4 flying skulls (D)
  2 air elementals (D)
  A water elemental (D)
  5 yaks (D)
  6 shadows (D)
  11 redbacks (D)
  6 wyverns (D)
  4 tarantellas (D)
  3 ushabtiu (D)
  A yak (shapeshifter) (D)
  A vampire (D)
  2 fire elementals (D)
  3 basilisks (D)
  5 steam dragons (D)
  3 hell hounds (D)
  A floating eye (shapeshifter) (D)
  9 water moccasins (D)
  4 porcupines (D)
  5 swamp drakes (D)
  6 ice beasts (D)
  A black bear (D)
  4 orc warriors (D)
  2 necrophages (D)
  2 ogres (D)
  3 wolves (D)
  2 centaurs (D)
  4 crocodiles (D)
  2 earth elementals (D)
  2 bullfrogs (D)
  A small abomination (D)
  4 wights (D)
  2 crimson imps (D)
  A quasit (D)
  An orc wizard (D)
  2 iguanas (D)
  11 mummies (D)
  A river rat (D)
  2 adders (D)
  6 white imps (D)
  2 ufetubi (D)
  3 adder zombies (D)
  3 adder skeletons (D)
  4 bat zombies (D)
  A jackal (D)
  2 ball pythons (D)
  2 bat simulacra (D)
  A jackal zombie (D)
  A leopard gecko skeleton (D)
  A leopard gecko zombie (D)
  2 quokka zombies (D)
  A fire vortex (D)
518 creatures vanquished.

Vanquished Creatures (collateral kills)
  2 centaurs (D)
2 creatures vanquished.

Vanquished Creatures (others)
  A wraith (D)
  A bat zombie (D)
  2 starspawn tentacles (D)
4 creatures vanquished.

Grand Total: 524 creatures vanquished

Notes
Turn   | Place    | Note
-------+----------+-------------------------------------------
     0 | D        | Loading the Tengu Monk began the quest for the Orb.
     0 | D        | Reached XP level 1. HP: 14/14 MP: 2/2
     0 | D        | Found a deep blue altar of Sif Muna.
     0 | D        | Found a bloodstained altar of Trog.
     0 | D        | Found a sacrificial altar of Ru.
     0 | D        | Found a stormy altar of Qazlal.
     0 | D        | Found an iron altar of Okawaru.
     1 | D        | Found a sparkling altar of Nemelex Xobeh.
     1 | D        | Found a blossoming altar of Fedhas.
     3 | D        | Found an ancient bone altar of Kikubaaqudgha.
     3 | D        | Found a viscous altar of Jiyva.
     3 | D        | Found a corrupted altar of Lugonu.
     3 | D        | Found a hazy altar of Hepliaklqana.
     3 | D        | Found a burning altar of Makhleb.
     3 | D        | Found an opulent altar of Gozag.
    91 | D        | Became a worshipper of Qazlal Stormbringer
    91 | D        | Reached * piety under Qazlal
    91 | D        | Reached ** piety under Qazlal
    93 | D        | Reached XP level 2. HP: 19/19 MP: 3/3
   106 | D        | Entered arena 1.
   106 | D        | Noticed a deep elf mage
   106 | D        | Noticed a deep elf mage
   108 | D        | Noticed a fire elemental
   108 | D        | Noticed a fire elemental
   111 | D        | Killed a deep elf mage
   111 | D        | Reached skill level 5 in Fighting
   111 | D        | Reached skill level 5 in Dodging
   111 | D        | Reached skill level 5 in Invocations
   111 | D        | Reached XP level 3. HP: 24/26 MP: 4/8
   111 | D        | Reached XP level 4. HP: 29/31 MP: 4/9
   111 | D        | Gained mutation: You can fly. [Tengu growth]
   111 | D        | Reached XP level 5. HP: 32/35 MP: 4/10
   111 | D        | Reached XP level 6. HP: 37/40 MP: 4/11
   113 | D        | Killed a deep elf mage
   113 | D        | Reached skill level 5 in Armour
   113 | D        | Reached skill level 5 in Shields
   113 | D        | Reached XP level 7. HP: 38/46 MP: 4/13
   226 | D        | Entered arena 2.
   226 | D        | Noticed a deep elf mage
   226 | D        | Noticed a deep elf mage
   226 | D        | Noticed a deep elf mage
   227 | D        | Noticed a fire elemental
   228 | D        | Noticed a fire elemental
   232 | D        | Killed a deep elf mage
   232 | D        | Reached XP level 8. HP: 50/52 MP: 14/14
   238 | D        | Killed a deep elf mage
   238 | D        | Reached *** piety under Qazlal
   250 | D        | Killed a deep elf mage
   250 | D        | Reached XP level 9. HP: 44/57 MP: 16/16
   320 | D        | Entered arena 3.
   326 | D        | Reached **** piety under Qazlal
   343 | D        | Entered arena 4.
   351 | D        | Reached ***** piety under Qazlal
   364 | D        | Entered arena 5.
   395 | D        | Entered arena 6.
   395 | D        | Noticed a tentacled starspawn
   405 | D        | Killed a tentacled starspawn
   405 | D        | Reached skill level 10 in Invocations
   405 | D        | Reached XP level 10. HP: 59/65 MP: 16/18
   411 | D        | Reached ****** piety under Qazlal
   425 | D        | Entered arena 7.
   425 | D        | Noticed a vault guard
   425 | D        | Noticed a vault guard
   425 | D        | Noticed a centaur warrior
   425 | D        | Noticed an ironheart preserver
   425 | D        | Noticed a vault guard
   425 | D        | Noticed a wolf spider
   430 | D        | Killed a wolf spider
   436 | D        | Killed an ironheart preserver
   436 | D        | Reached skill level 15 in Polearms
   440 | D        | Killed a vault guard
   440 | D        | Reached skill level 10 in Dodging
   447 | D        | Killed a vault guard
   447 | D        | Reached XP level 11. HP: 71/71 MP: 20/20
   458 | D        | Killed a vault guard
   469 | D        | Killed a centaur warrior
   469 | D        | Reached skill level 10 in Armour
   489 | D        | Entered arena 8.
   489 | D        | Noticed a mummy priest
   500 | D        | Killed a mummy priest
   500 | D        | Reached skill level 10 in Fighting
   659 | D        | Entered arena 9.
   659 | D        | Noticed a cyclops
   659 | D        | Noticed a centaur warrior
   659 | D        | Noticed a cyclops
   659 | D        | Noticed a centaur warrior
   674 | D        | Killed a cyclops
   675 | D        | Killed a centaur warrior
   675 | D        | Reached skill level 10 in Shields
   678 | D        | Killed a centaur warrior
   684 | D        | Killed a cyclops
   826 | D        | Entered arena 10.
   827 | D        | Identified a +2 rod of shadows (6/11)
   865 | D        | Reached XP level 12. HP: 38/79 MP: 22/22
   964 | D        | Entered arena 11.
   965 | D        | Noticed an orc high priest
   973 | D        | Killed an orc high priest
  1048 | D        | Entered arena 12.
  1049 | D        | Noticed an ice dragon
  1069 | D        | Killed an ice dragon
  1117 | D        | Entered arena 13.
  1182 | D        | Entered arena 14.
  1183 | D        | Noticed an apis
  1183 | D        | Noticed a pearl dragon
  1186 | D        | Noticed an angel
  1199 | D        | Killed a pearl dragon
  1211 | D        | Killed an apis
  1211 | D        | Reached XP level 13. HP: 32/85 MP: 12/25
  1232 | D        | Killed an angel
  1234 | D        | Got the ring "Nejomeoz" {Ice MR+ MP+9 Int+2}
  1311 | D        | Entered arena 15.
  1313 | D        | Noticed an apis
  1315 | D        | Noticed a thorn hunter
  1325 | D        | Reached skill level 15 in Invocations
  1339 | D        | Killed an apis
  1339 | D        | Killed a thorn hunter
  1602 | D        | Got spiked storm dragon scales
  1603 | D        | Identified the +2 storm dragon scales of Noughts and Crosses {rElec rF+} (You acquired it in the Dungeon)
  1608 | D        | Entered arena 16.
  1611 | D        | Noticed a reaper
  1627 | D        | Killed a reaper
  1768 | D        | Entered arena 17.
  1770 | D        | Noticed a dire elephant
  1771 | D        | Noticed an apis
  1771 | D        | Noticed a dire elephant
  1772 | D        | Noticed a dire elephant
  1773 | D        | Gained mutation: You can fly continuously. [Tengu growth]
  1773 | D        | Reached XP level 14. HP: 94/94 MP: 27/27
  1774 | D        | Killed an apis
  1780 | D        | Killed a dire elephant
  1797 | D        | Killed a dire elephant
  1816 | D        | Killed a dire elephant
  1816 | D        | Reached skill level 15 in Dodging
  1873 | D        | Entered arena 18.
  1874 | D        | Noticed a vampire knight
  1875 | D        | Noticed a lich
  1878 | D        | Killed a lich
  1878 | D        | Reached skill level 15 in Armour
  1921 | D        | Killed a vampire knight
  2076 | D        | Entered arena 19.
  2155 | D        | Entered arena 20.
  2159 | D        | Noticed a glowing shapeshifter
  2161 | D        | Noticed a shard shrike
  2161 | D        | Noticed a shard shrike
  2161 | D        | a glowing shapeshifter changed into a glowing orange brain
  2162 | D        | Noticed a shard shrike
  2162 | D        | Noticed a titan
  2162 | D        | Noticed a juggernaut
  2162 | D        | a shard shrike changed into a juggernaut
  2162 | D        | Noticed a hellephant
  2162 | D        | a shard shrike changed into a hellephant
  2162 | D        | Noticed a titan
  2162 | D        | a shard shrike changed into a titan
  2163 | D        | Noticed a hellephant
  2163 | D        | Reached XP level 15. HP: 101/101 MP: 29/29
  2163 | D        | Killed a titan
  2163 | D        | Noticed a juggernaut
  2163 | D        | a hellephant changed into a juggernaut
  2164 | D        | Noticed a juggernaut
  2165 | D        | Noticed a shard shrike
  2165 | D        | a juggernaut changed into a shard shrike
  2165 | D        | Noticed a shard shrike
  2165 | D        | a titan changed into a shard shrike
  2169 | D        | Noticed a titan
  2169 | D        | a shard shrike changed into a titan
  2170 | D        | Noticed a titan
  2170 | D        | Noticed a hellephant
  2170 | D        | a juggernaut changed into a hellephant
  2170 | D        | Noticed a hellephant
  2170 | D        | a titan changed into a hellephant
  2172 | D        | Noticed a juggernaut
  2172 | D        | a shard shrike changed into a juggernaut
  2172 | D        | Noticed an iron dragon
  2172 | D        | a hellephant changed into an iron dragon
  2172 | D        | Noticed a juggernaut
  2172 | D        | a hellephant changed into a juggernaut
  2174 | D        | Noticed a golden dragon
  2174 | D        | an iron dragon changed into a golden dragon
  2174 | D        | Noticed a shard shrike
  2174 | D        | a juggernaut changed into a shard shrike
  2176 | D        | Noticed a hellephant
  2176 | D        | a juggernaut changed into a hellephant
  2177 | D        | Reached skill level 15 in Fighting
  2177 | D        | Noticed a shard shrike
  2177 | D        | a hellephant changed into a shard shrike
  2178 | D        | Noticed a hellephant
  2178 | D        | a shard shrike changed into a hellephant
  2178 | D        | a titan changed into a stone giant
  2179 | D        | Noticed an acid blob
  2179 | D        | a golden dragon changed into an acid blob
  2180 | D        | Killed an acid blob
  2180 | D        | Reached skill level 15 in Shields
  2180 | D        | Killed a juggernaut
  2180 | D        | Noticed a juggernaut
  2180 | D        | a hellephant changed into a juggernaut
  2185 | D        | Noticed a titan
  2185 | D        | a shard shrike changed into a titan
  2189 | D        | Noticed a shard shrike
  2189 | D        | a hellephant changed into a shard shrike
  2191 | D        | Noticed a hellephant
  2191 | D        | a shard shrike changed into a hellephant
  2193 | D        | Noticed an iron dragon
  2193 | D        | a hellephant changed into an iron dragon
  2197 | D        | Noticed a caustic shrike
  2197 | D        | an iron dragon changed into a caustic shrike
  2198 | D        | Noticed a juggernaut
  2198 | D        | a titan changed into a juggernaut
  2204 | D        | Noticed an iron dragon
  2204 | D        | a juggernaut changed into an iron dragon
  2206 | D        | Noticed a shard shrike
  2206 | D        | a juggernaut changed into a shard shrike
  2208 | D        | Noticed a titan
  2208 | D        | a shard shrike changed into a titan
  2208 | D        | Noticed a golden dragon
  2208 | D        | an iron dragon changed into a golden dragon
  2208 | D        | Noticed a shadow dragon
  2208 | D        | a caustic shrike changed into a shadow dragon
  2212 | D        | Noticed a caustic shrike
  2212 | D        | a titan changed into a caustic shrike
  2212 | D        | Noticed a shadow dragon
  2212 | D        | a golden dragon changed into a shadow dragon
  2212 | D        | a shadow dragon changed into a stone giant
  2216 | D        | Noticed an acid blob
  2216 | D        | a caustic shrike changed into an acid blob
  2218 | D        | Noticed a shadow dragon
  2218 | D        | an acid blob changed into a shadow dragon
  2230 | D        | Killed a shadow dragon
  2232 | D        | Noticed a frost giant
  2232 | D        | a shadow dragon changed into a frost giant
  2237 | D        | Noticed a quicksilver dragon
  2237 | D        | an iron troll changed into a quicksilver dragon
  2249 | D        | Killed a frost giant
  2257 | D        | Killed a quicksilver dragon
  2413 | D        | Entered arena 21.
  2421 | D        | Noticed a greater mummy
  2438 | D        | Noticed an emperor scorpion
  2438 | D        | Noticed an emperor scorpion
  2460 | D        | Killed a greater mummy
  2540 | D        | Got a ring of the Octopus King {rN+ AC+1 EV+1 Str+1 Int+1 Dex+1}
  2588 | D        | Entered arena 22.
  2596 | D        | Reached XP level 16. HP: 110/110 MP: 31/31
  2713 | D        | Entered arena 23.
  2718 | D        | Noticed an Ice Fiend
  2719 | D        | Noticed an Ice Fiend
  2733 | D        | Killed an Ice Fiend
  2739 | D        | Killed an Ice Fiend
  2847 | D        | Got the +10 demon trident of Mandamus {vamp, +Fly}
  2872 | D        | Entered arena 24.
  2878 | D        | Noticed a deep elf master archer
  2879 | D        | Noticed a deep elf blademaster
  2879 | D        | Noticed a deep elf blademaster
  2879 | D        | Noticed a deep elf blademaster
  2879 | D        | Noticed a deep elf master archer
  2879 | D        | Noticed a deep elf blademaster
  2880 | D        | Noticed a deep elf blademaster
  2881 | D        | Noticed a deep elf blademaster
  2884 | D        | Noticed a deep elf master archer
  2884 | D        | Noticed a deep elf blademaster
  2885 | D        | Noticed a deep elf blademaster
  2886 | D        | Noticed a deep elf blademaster
  2888 | D        | Noticed a deep elf master archer
  2888 | D        | Killed a deep elf blademaster
  2888 | D        | Reached XP level 17. HP: 119/119 MP: 31/33
  2888 | D        | Killed a deep elf blademaster
  2888 | D        | Killed a deep elf master archer
  2888 | D        | Killed a deep elf master archer
  2888 | D        | Killed a deep elf master archer
  2888 | D        | Killed a deep elf blademaster
  2888 | D        | Reached skill level 27 in Polearms
  2888 | D        | Killed a deep elf blademaster
  2888 | D        | Killed a deep elf blademaster
  2888 | D        | Killed a deep elf blademaster
  2888 | D        | Killed a deep elf master archer
  2889 | D        | Killed a deep elf blademaster
  2893 | D        | Killed a deep elf blademaster
  2899 | D        | Killed a deep elf blademaster
  2960 | D        | Got the ring "Qoukkiocw" {rCorr *Corrode rC+ Dex+4 Stlth+}
  3021 | D        | Got the ring "Fefos" {rPois rF- EV+4 Slay+3 Stlth+}
  3042 | D        | Entered arena 25.
  3053 | D        | Noticed a quicksilver dragon
  3059 | D        | Noticed a golden dragon
  3063 | D        | Noticed a quicksilver dragon
  3066 | D        | Noticed a quicksilver dragon
  3066 | D        | Noticed a quicksilver dragon
  3073 | D        | Killed a quicksilver dragon
  3077 | D        | Noticed a quicksilver dragon
  3084 | D        | Killed a golden dragon
  3088 | D        | Reached XP level 18. HP: 77/129 MP: 35/35
  3088 | D        | Noticed a golden dragon
  3090 | D        | Killed a quicksilver dragon
  3092 | D        | Noticed a golden dragon
  3094 | D        | Noticed a golden dragon
  3109 | D        | Killed a quicksilver dragon
  3116 | D        | Killed a quicksilver dragon
  3122 | D        | Killed a golden dragon
  3137 | D        | Killed a golden dragon
  3156 | D        | Killed a golden dragon
  3160 | D        | Killed a quicksilver dragon
  3379 | D        | Entered arena 26.
  3385 | D        | Noticed a deep elf master archer
  3385 | D        | Noticed a deep elf master archer
  3386 | D        | Noticed a deep elf master archer
  3386 | D        | Noticed a deep elf master archer
  3387 | D        | Noticed a deep elf master archer
  3387 | D        | Noticed a deep elf master archer
  3388 | D        | Killed a deep elf master archer
  3388 | D        | Killed a deep elf master archer
  3388 | D        | Reached skill level 27 in Invocations
  3388 | D        | Killed a deep elf master archer
  3388 | D        | Killed a deep elf master archer
  3388 | D        | Killed a deep elf master archer
  3388 | D        | Killed a deep elf master archer
  3388 | D        | Reached XP level 19. HP: 134/140 MP: 37/37
  3610 | D        | Entered arena 27.
  3626 | D        | Reached skill level 27 in Armour
  3731 | D        | Got a twisted demon trident
  3732 | D        | Identified the +6 demon trident of Truncation {venom, rElec rPois MR+ Dex+2} (You acquired it in the Dungeon)
  3737 | D        | Got the Orb of Zot
  3742 | D        | Escaped with the Orb!

Vault maps used:
D:        sprint_v

Skill      XL: |  1  2  3  4  5  6  7  8  9 10 11 12 13 14 15 16 17 18 19 |
---------------+----------------------------------------------------------+-----
Polearms       | 8 11 12 13 14 15 17 18 20 22 24 26 27 | 27.0
Fighting       | 5 6 7 8 9 10 11 13 14 16 18 20 22 24 | 24.7
Armour         | 4 5 6 7 8 9 11 12 14 15 17 19 21 25 27 | 27.0
Dodging        | 5 6 7 8 9 10 11 12 14 15 17 19 21 24 26 | 26.4
Shields        | 4 5 6 7 9 10 11 13 14 16 17 19 22 24 | 24.5
Invocations    | 5 7 8 10 11 13 14 16 18 20 22 24 27 | 27.0
Stealth        | |  2.0

Action                   |  1- 3 |  4- 6 |  7- 9 | 10-12 | 13-15 | 16-18 | 19-21 || total
-------------------------+-------+-------+-------+-------+-------+-------+-------++-------
Melee: Lance             |     4 |     2 |    62 |   216 |   277 |   160 |    40 ||   761
       Kick              |     3 |     2 |    29 |   107 |   166 |    90 |     9 ||   406
       Peck              |       |     1 |    18 |    79 |   109 |    55 |     3 ||   265
       Demon trident     |       |       |       |       |       |    34 |       ||    34
Invok: Disaster Area     |       |       |       |     5 |    18 |     7 |     4 ||    34
       Elemental Force   |       |       |       |     1 |       |       |       ||     1
       Upheaval          |       |       |       |       |     1 |       |       ||     1
 Abil: Fly               |       |       |     1 |       |       |       |       ||     1
  Use: Potion            |     2 |       |     1 |     1 |     7 |    20 |     1 ||    32
       Scroll            |       |       |       |       |     5 |     6 |     4 ||    15
 Stab: Petrified         |       |       |       |       |       |     2 |       ||     2
       Invisible         |       |       |       |       |       |     2 |       ||     2
  Eat: Fruit             |       |       |       |    10 |       |     4 |       ||    14
       Meat ration       |       |       |       |       |       |     1 |       ||     1
Armor: Gold dragon scale |       |     2 |    13 |    39 |    84 |   182 |    25 ||   345
Dodge: Dodged            |       |       |       |     3 |     9 |    82 |     4 ||    98
       Deflected         |       |       |       |       |       |     2 |     1 ||     3
Block: Shield            |     4 |     3 |    59 |   290 |   338 |   402 |    72 ||  1168
